 Dungeon Crawl Stone Soup version 0.16.1-51-g6203257 (webtiles) character file.

81 poirepourri the Skirmisher (level 4, -2/40 HPs)
             Began as a Draconian Berserker on Aug 10, 2015.
             Was a Believer of Trog.
             Slain by Grinder (5 damage)
             ... on level 3 of the Dungeon.
             The game lasted 00:04:10 (1293 turns).

poirepourri the Skirmisher (Draconian Berserker)    Turns: 1293, Time: 00:04:12

Health: -2/40      AC:  8    Str: 21    XL:     4   Next: 20%
Magic:  4/4        EV:  7    Int:  7    God:    Trog [**....]
Gold:   93         SH:  8    Dex: 10    Spells: 0 memorised, 3 levels left

rFire  . . .     SeeInvis .     a - +0 hand axe
rCold  . . .     Clarity  .     (armour unavailable)
rNeg   . . .     SustAb   .     e - +0 shield
rPois  +         Gourm    .     (helmet restricted)
rElec  .         Spirit   .     f - +2 cloak
rCorr  .         Warding  .     (no gloves)
rMut   .         Stasis   .     (no boots)
MR     .....                    (no amulet)
Stlth  +.........               r - -3 ring of evasion (curse)
                                g - ring of poison resistance

@: exhausted, slowed, very slow, not resistant to hostile enchantments, very
unstealthy
A: unfitting armour, cold-blooded, AC +5
a: Burn Spellbooks, Berserk, Trog's Hand, Renounce Religion


You were on level 3 of the Dungeon.
You worshipped Trog.
Trog was pleased with you.
You were not hungry.

You visited 1 branch of the dungeon, and saw 3 of its levels.

You collected 93 gold pieces.

Inventory:

Hand weapons
 a - a +0 hand axe (weapon)
Armour
 e - a +0 shield (worn)
 f - a +2 cloak (worn)
 h - a +0 scale mail
Jewellery
 g - a ring of poison resistance (left hand)
 i - an uncursed ring of wizardry
 l - a cursed -3 ring of strength {unknown}
 r - a cursed -3 ring of evasion (right hand)
Scrolls
 m - a scroll of identify {unknown}
Comestibles
 b - 2 royal jellies
 c - 6 bread rations
 d - 8 fruits
 j - 2 slices of pizza


   Skills:
 * Level 4.2 Fighting
 + Level 3.5 Axes
 + Level 3.3 Dodging
 + Level 1.0 Shields


You had 3 spell levels left.
You didn't know any spells.

Dungeon Overview and Level Annotations

Branches:
Dungeon (3/15)

Altars:
Elyvilon
Gozag

Annotations:
D:3 Grinder


Innate Abilities, Weirdness & Mutations

Your plain brown scales are hard (AC +5).
Your body does not fit into most forms of armour.
Your cold-blooded metabolism reacts poorly to cold.


Message History

You can move again.
Things that are here:
a flail; a spear Grinder gestures at you.
Pain shoots through your body!
* * * LOW HITPOINT WARNING * * *
Things that are here:
a club; a gnoll corpse You offer a prayer to Trog.
The gnoll corpse is slowly consumed by flames.
Trog is pleased with you. Grinder gestures at you.
You resist with significant effort.
You closely miss Grinder.
Your tail-slap misses Grinder.
Grinder is moderately wounded.
Grinder says, "You look like you could use a good racking."
Grinder hits you!
* * * LOW HITPOINT WARNING * * *
You writhe in agony.
You die...

...###....... ...###.....#
#.. ...........## . ....#
.............. . #..># .
...##.####### .##...##.#
...#....#...# ....$.....
...#....#...# ##.........
........#...#####.........#
................@5..........
...#............).........#
...#.....##.#.####.#..##..#
...#...(.##.#.# #.....#
#.....##.#.# #.#.....
#####.##.#.# #........#
#.##.#.# #.#.#.#.. #.##.#.#
#....... ..##.... ......#


You could see Grinder.

Vanquished Creatures
  3 gnolls (D:3)
  2 adders (D:2)
  4 bats
  3 goblins
  5 hobgoblins
  A ball python (D:1)
  3 giant cockroaches
  2 giant geckos
  3 giant newts
  5 kobolds
  6 rats
37 creatures vanquished.

Notes
Turn   | Place    | Note
--------------------------------------------------------------
     0 | D:1      | poirepourri, the Draconian Berserker, began the quest for the Orb.
     0 | D:1      | Reached XP level 1. HP: 19/19 MP: 1/1
   241 | D:1      | Reached XP level 2. HP: 21/26 MP: 2/2
   813 | D:2      | Acquired Trog's second power
   827 | D:2      | Reached XP level 3. HP: 28/33 MP: 3/3
   870 | D:2      | Found an opulent altar of Gozag.
   924 | D:2      | Reached skill level 4 in Fighting
   965 | D:2      | Found a white marble altar of Elyvilon.
  1261 | D:3      | Noticed Grinder
  1267 | D:3      | Reached skill level 1 in Shields
  1267 | D:3      | Reached XP level 4. HP: 40/40 MP: 4/4
  1288 | D:3      | Paralysed by Grinder for 3 turns
  1293 | D:3      | Slain by Grinder

Action                   |  1- 3 |  4- 6 || total
-------------------------+-------+-------++-------
Melee: Hand axe          |    97 |     4 ||   101
Invok: Berserk           |     1 |       ||     1
  Use: Scroll            |     5 |       ||     5
       Potion            |     3 |       ||     3
  Eat: Meat ration       |     1 |       ||     1
